 Dungeon Crawl Stone Soup version 0.20.0-8-g6b59dc7 (webtiles) character file.

287 SedStubbie the Ducker (level 6, -8/49 HPs)
             Began as a Demonspawn Gladiator on June 2, 2017.
             Mangled by a killer bee (9 damage)
             ... on level 3 of the Dungeon.
             The game lasted 00:07:56 (3960 turns).

SedStubbie the Ducker (Demonspawn Gladiator)        Turns: 3960, Time: 00:07:57

Health: -8/49      AC:  5    Str: 17    XL:     6   Next: 8%
Magic:  6/6        EV: 14    Int:  9    God:
Gold:   160        SH:  0    Dex: 14    Spells: 5/5 levels left

rFire    + . .     SeeInvis .   a - +0 quarterstaff
rCold    . . .     Gourm    .   (shield currently unavailable)
rNeg     . . .     Faith    .   b - +0 leather armour
rPois    .         Spirit   .   (helmet restricted)
rElec    .         Reflect  .   (no cloak)
rCorr    .         Harm     .   (no gloves)
MR       .....                  (no boots)
Stlth    +.........             (no amulet)
Regen    0.2/turn               (no ring)
MPRegen  0.1/turn               (no ring)

@: lethally poisoned (-8 -> -17), hasted, very quick
A: horns 2, slimy green scales 1, fire resistance 1
a: no special abilities


You were on level 3 of the Dungeon.
You were not hungry.

You visited 1 branch of the dungeon, and saw 4 of its levels.

You collected 160 gold pieces.

Inventory:

Hand Weapons
 a - a +0 quarterstaff (weapon)
Missiles
 T - 3 javelins (quivered)
 V - 132 stones
Armour
 b - a +0 leather armour (worn)
 U - a +0 plate armour
Wands
 L - a wand of lightning (7/15)
Scrolls
 M - a scroll of magic mapping
 R - 4 scrolls of identify
 S - a scroll of enchant weapon {unknown}
 X - 2 scrolls of enchant armour {unknown}
 Y - 4 scrolls of remove curse {unknown}
Comestibles
 f - 3 bread rations
 W - 3 chunks of flesh


   Skills:
 + Level 4.6 Fighting
 - Level 3.0 Staves
 - Level 1.7 Throwing
 + Level 4.6 Dodging


You had 5 spell levels left.
You didn't know any spells.

Dungeon Overview and Level Annotations

Branches:
Dungeon (4/15)
 Temple: D:4-7

Altars:
Cheibriados
Dithmenos


Innate Abilities, Weirdness & Mutations

You have a pair of horns on your head.
You are partially covered in slimy green scales. (AC +2)
Your flesh is heat resistant. (rF+)


Message History

The killer bee is moderately wounded.
You feel sick. The killer bee barely misses you. The killer bee stings you.
* * * LOW HITPOINT WARNING * * *
You are lethally poisoned!
The killer bee poisons you!
You hit the killer bee. Your headbutt misses the killer bee.
The killer bee is heavily wounded.
* * * LOW HITPOINT WARNING * * *
You feel sick. The killer bee stings you.
* * * LOW HITPOINT WARNING * * *
The killer bee completely misses you.
You miss the killer bee. Your headbutt misses the killer bee.
The killer bee is heavily wounded.
* * * LOW HITPOINT WARNING * * *
You feel sick. The killer bee barely misses you. x2
The killer bee stings you but does no damage.
You feel yourself speed up.
* * * LOW HITPOINT WARNING * * *
You feel sick. The killer bee stings you!
You die...

#.#.##.........################
#<#.##...#.##.................#
#....#...#.##...#############.#
#######......#.#.# #.#
......#..##..#...# #.#
.####.#..........# #.#
.####.#.####..#..# #.#
......#.......#..# #.#
.##########...#y@### #.#
.##.............[..# #.#
.####........#####.# #.#
......)#.#...# #[# #.#
.#####.#.....# #.# #.#
.......####..# #.##### #.#
..####.# #..# #.....# #.#
..#########..# #####.# #.#
..........(..# #.# #.#


You could see a killer bee.

Vanquished Creatures
  A crimson imp (D:2)
  An orc priest (D:3)
  An orc wizard (D:3)
  Natasha (D:4)
  A worker ant (D:4)
  3 gnolls
  4 adders
  4 worms (D:2)
  A dart slug (D:2)
  7 orcs
  4 giant cockroaches
  7 goblins
  7 hobgoblins
  7 kobolds
  A quokka (D:3)
  A ball python (D:3)
  A ball python skeleton (D:4)
  6 bats
  2 frilled lizards
  A leopard gecko skeleton (D:4)
  7 rats
68 creatures vanquished.

Notes
Turn   | Place    | Note
-------+----------+-------------------------------------------
     0 | D:1      | SedStubbie the Demonspawn Gladiator began the quest for the Orb.
     0 | D:1      | Reached XP level 1. HP: 16/16 MP: 1/1
   128 | D:1      | Gained mutation: You have a pair of small horns on your head. [demonic ancestry]
   128 | D:1      | Reached XP level 2. HP: 18/22 MP: 2/2
   340 | D:1      | Reached skill level 3 in Staves
   344 | D:1      | Reached skill level 3 in Dodging
   796 | D:2      | Gained mutation: You are partially covered in slimy green scales. (AC +2) [demonic ancestry]
   796 | D:2      | Reached XP level 3. HP: 8/28 MP: 3/3
  1063 | D:2      | Found a snail-covered altar of Cheibriados.
  1249 | D:2      | Found a shadowy altar of Dithmenos.
  1754 | D:2      | Reached skill level 3 in Fighting
  1971 | D:2      | Gained mutation: Your flesh is heat resistant. (rF+) [demonic ancestry]
  1971 | D:2      | Reached XP level 4. HP: 25/35 MP: 4/4
  2563 | D:3      | Found a shadowy altar of Dithmenos.
  2668 | D:3      | Reached XP level 5. HP: 39/42 MP: 5/5
  3795 | D:4      | Noticed Natasha
  3803 | D:4      | Killed Natasha
  3803 | D:4      | Gained mutation: You have a pair of horns on your head. [demonic ancestry]
  3803 | D:4      | Reached XP level 6. HP: 32/49 MP: 6/6
  3958 | D:3      | HP: 2/49 [killer bee (5)]
  3960 | D:3      | Mangled by a killer bee

Skill      XL: |  1  2  3  4  5 |
---------------+----------------+-----
Staves         | 3 |  3.0
Dodging        | 3 4 |  4.6
Fighting       | 3 4 |  4.6
Throwing       | |  1.7

Action                   |  1- 3 |  4- 6 || total
-------------------------+-------+-------++-------
Melee: Quarterstaff      |   125 |   129 ||   254
       Headbutt          |    16 |    17 ||    33
Throw: Throwing net      |     6 |     3 ||     9
       Stone             |     5 |     1 ||     6
       Javelin           |       |     4 ||     4
  Use: Potion            |     5 |     3 ||     8
       Scroll            |     2 |       ||     2
 Stab: Held in net/web   |     2 |       ||     2
       Sleeping          |     1 |       ||     1
  Eat: Chunk             |     3 |     5 ||     8
       Fruit             |       |     2 ||     2
Armor: Leather armour    |    34 |    37 ||    71
Dodge: Dodged            |    87 |   103 ||   190
